 Dungeon Crawl Stone Soup version 0.23.0 (webtiles) character file.

Game seed: 1323003844809756924

44 Rediskos the Shield-Bearer (level 3, -6/24 HPs)
             Began as a Gargoyle Fighter on Feb 9, 2019.
             Mangled by an ogre
             ... wielding a +0 giant club
              (10 damage)
             ... on level 2 of the Dungeon.
             The game lasted 00:03:08 (1356 turns).

Rediskos the Shield-Bearer (Gargoyle Fighter)       Turns: 1356, Time: 00:03:09

Health: -6/24      AC: 13    Str: 20    XL:     3   Next: 62%
Magic:  0/3        EV:  5    Int:  8    God:
Gold:   63         SH:  9    Dex:  9    Spells: 2/2 levels left

rFire    . . .     SeeInvis .   a - +0 flail
rCold    . . .     Gourm    .   c - +0 shield
rNeg     + . .     Faith    .   e - +0 chain mail
rPois    ∞         Spirit   +   (no helmet)
rElec    +         Reflect  .   (no cloak)
rCorr    .         Harm     .   (no gloves)
MR       .....                  j - +0 pair of boots
Stlth    ..........             i - amulet of guardian spirit
HPRegen  0.08/turn              (no ring)
MPRegen  0.08/turn              (no ring)

@: no status effects
A: negative energy resistance 1, electricity resistance, unbreathing,
petrification resistance, rot immunity, AC +3
a: no special abilities


You were on level 2 of the Dungeon.
You were hungry.

You visited 1 branch of the dungeon, and saw 2 of its levels.

You collected 63 gold pieces.

Inventory:

Hand Weapons
 a - a +0 flail (weapon)
Armour
 b - a +0 scale mail
 c - a +0 shield (worn)
 e - a +0 chain mail (worn)
 j - a +0 pair of boots (worn)
Jewellery
 i - an amulet of guardian spirit (around neck)
 m - a cursed -3 ring of strength {unknown}
Potions
 d - a potion of might
Comestibles
 f - 4 rations
 g - 3 chunks of flesh


   Skills:
 + Level 3.6 Fighting
 * Level 2.8 Maces & Flails
 + Level 3.6 Armour
 + Level 3.7 Shields


You had 2 spell levels left.
You didn't know any spells.
Your spell library was empty.

Dungeon Overview and Level Annotations

Branches:
Dungeon (2/15)

Altars:
Yredelemnul
The Shining One


Innate Abilities, Weirdness & Mutations

You are resistant to torment.
Your stone body is resilient. (AC +3)
You are immune to poison.
You resist negative energy. (rN+)
You are resistant to electric shocks. (rElec)
You can survive without breathing.
You are immune to petrification.
You are immune to rotting.


Message History

The rat bites you but does no damage.
As you read the scroll labeled FIRODE LOTUF, it crumbles to dust.
It is a scroll of amnesia.
You feel forgetful for a moment. You block the ogre's attack.
As you read the scroll labeled ZATTUI GOOHOSS, it crumbles to dust.
You feel aware of your surroundings.
You sensed 1 altar.
It was a scroll of magic mapping.
The ogre barely misses you.
As you read the scroll labeled YLAORU VADE, it crumbles to dust.
It is a scroll of identify.
i - an uncursed amulet of guardian spirit The ogre completely misses you.
Wield which item (- for none, * to show all)? (? for menu, Esc to quit)
Okay, then.
Put on which piece of jewellery? (? for menu, Esc to quit)
You feel your power drawn to a protective spirit.
i - an amulet of guardian spirit (around neck)
You sock the ogre!
The ogre is moderately wounded.
The ogre hits you with a +0 giant club!
You die...

.#...,,,* #.# #☼.§# ###.#**** #.#
#...# .##.#########.######'###
........>........#.....#######
....#..#####..##.............#
...÷...##.....####.....#.###.#
...#.)...[##.## ###'###.###.####
..##...#####.######...##.........
.......#####.##.@##§.§##.###.####
###..........##O###...##.###.#
#...#########r# #§.§##..>..# ##
#...# #.###._.######## #. #...#
#..##§.§# #. #...#***** #..#*###*
##. #....,,,,* #..#**,*******
##..
**#...##**,**##..#******,,.*##...
,,,,,,,,,,,..#...#######...*#....


You could see an ogre and a rat.

Vanquished Creatures
  An adder (D:2)
  An ooze (D:1)
  2 worms (D:2)
  2 dart slugs
  3 goblins (D:1)
  3 hobgoblins
  2 kobolds
  3 bats
  3 frilled lizards
  3 rats
23 creatures vanquished.

Notes
Turn   | Place    | Note
-------+----------+-------------------------------------------
     0 | D:1      | Rediskos the Gargoyle Fighter began the quest for the Orb.
     0 | D:1      | Reached XP level 1. HP: 14/14 MP: 1/1
   237 | D:1      | Reached XP level 2. HP: 18/19 MP: 2/2
   858 | D:2      | Reached XP level 3. HP: 10/23 MP: 3/3
  1176 | D:2      | Found a basalt altar of Yredelemnul.
  1202 | D:2      | Found a glowing golden altar of the Shining One.
  1312 | D:2      | Noticed an ogre
  1356 | D:2      | Mangled by an ogre

Action                   || total
-------------------------++-------
Melee: Flail             ||   116
  Use: Scroll            ||     3
  Eat: Chunk             ||     1
Armor: Chain mail        ||    69
       Scale mail        ||     1
Dodge: Dodged            ||    28
Block: Shield            ||    54
